 Dungeon Crawl Stone Soup version 0.29-a0-512-gf59ac788ac (webtiles) character file.

Game seed: 8846258359313311834

4224 Sobieck the Unseen (level 10, -2/46 HPs)
             Began as a Vampire Earth Elementalist on May 29, 2022.
             Slain by a sky beast (6 damage)
             ... on level 5 of the Dungeon.
             The game lasted 00:20:34 (7639 turns).

Sobieck the Unseen (Vampire Earth Elementalist)     Turns: 7639, Time: 00:20:34

Health: -2/46      AC:  8    Str:  7    XL:     10   Next: 9%
Magic:  6/14       EV: 12    Int: 22    God:
Gold:   380        SH:  0    Dex: 15    Spells: 7/14 levels left

rFire   . . .      SeeInvis +   a - +3 dagger {short}
rCold   + + .      Faith    .   (no shield)
rNeg    + + +      Spirit   .   V - +0 steam dragon scales
rPois   ∞          Reflect  .   o - +1 hat
rElec   .          Harm     .   (no cloak)
rCorr   .          Rampage  .   B - +1 pair of gloves
Will    +....                   (no boots)
Stlth   +++++++++.              (no amulet)
HPRegen 0.00/turn               (no ring)
MPRegen 0.14/turn               (no ring)

@: bloodless, inhibited regen
A: bloodless, fangs 3, see invisible, vampiric 2, frail 1, mutation resistance 1
a: Bat Form, Revivify


You were on level 5 of the Dungeon.
You visited 1 branch of the dungeon, and saw 7 of its levels.

You collected 380 gold pieces.


Innate Abilities, Weirdness & Mutations

You do not regenerate when monsters are visible.
You are frail without blood (-20% HP).
You can heal yourself when you bite living creatures.
You are immune to poison.
You have razor-sharp teeth.
You have supernaturally acute eyesight. (SInv)
You are afflicted with vampirism and can become a bat while bloodless.
You are frail. (-10% HP)
You are somewhat resistant to further mutation.


   Skills:
 + Level 1.7 Fighting
 + Level 2.1 Short Blades
 - Level 2.1 Dodging
 - Level 19.4 Stealth
 + Level 2.8 Spellcasting
 - Level 5.0 Transmutations
 + Level 9.3 Earth Magic


You had 7 spell levels left.
You knew the following spells:

 Your Spells              Type           Power      Damage    Failure   Level
a - Sandblast             Erth           88%        2d18      1%          1
b - Passwall              Tmut/Erth      28%        N/A       1%          2
c - Petrify               Tmut/Erth      34%        N/A       7%          4

Your spell library contained the following spells:

 Spells                   Type           Power      Damage    Failure   Level
 Stone Arrow              Conj/Erth      46%        3d9       5%          3
 Apportation              Tloc           6%         N/A       13%         1
 Foxfire                  Conj/Fire      12%        2x1d4     13%         1
 Slow                     Hex            12%        N/A       13%         1
 Summon Small Mammal      Summ           12%        N/A       13%         1
 Call Canine Familiar     Summ           3%         N/A       36%         3
 Confusing Touch          Hex            3%         N/A       36%         3
 Conjure Flame            Conj/Fire      3%         6-21      36%         3
 Inner Flame              Hex/Fire       3%         N/A       36%         3
 Portal Projectile        Hex/Tloc       6%         N/A       36%         3
 Summon Guardian Golem    Hex/Summ       3%         N/A       36%         3
 Tukima's Dance           Hex            3%         N/A       36%         3
 Vampiric Draining        Necr           3%         2d6       36%         3
 Ice Form                 Ice/Tmut       14%        N/A       41%         4
 Blade Hands              Tmut           12%        N/A       41%         5
 Flame Wave               Conj/Fire      3%         2d4       77%         4
 Hailstorm                Conj/Ice       3%         3d3       77%         4
 Alistair's Intoxication  Tmut/Pois      9%         N/A       77%         5
 Simulacrum               Ice/Necr       1%         N/A       100%        6

Inventory:

Hand Weapons
 a - a +3 dagger (weapon) {short}
   (You took it off a kobold on level 3 of the Dungeon)
 b - the +3 rapier of Ryakkais {drain, Will+, short}
   (You found it on level 2 of the Dungeon)

   A truly terrible weapon, it drains the life of any living foe it strikes.
   Will:      It increases your willpower.
 j - a +1 mace of protection {mace}
   (You found it on level 1 of the Dungeon)
 k - a +2 mace of draining {mace}
   (You took it off an orc on level 4 of the Dungeon)
 q - a +0 dagger of venom {short}
   (You took it off an orc wizard on level 6 of the Dungeon)
 D - a +0 dagger {short}
   (You took it off a goblin on level 2 of the Dungeon)
 L - a +3 whip {mace}
   (You took it off a kobold on level 4 of the Dungeon)
Missiles
 m - 6 atropa-tipped darts {throwing}
 n - 20 stones {throwing}
 r - 3 javelins {throwing}
 u - 18 poisoned darts {throwing}
 w - 5 boomerangs {throwing}
 y - a throwing net {=f!fthrowing}
Armour
 o - a +1 hat (worn)
   (You found it on level 2 of the Dungeon)
 t - a +0 plate armour
   (You took it off an orc warrior on level 6 of the Dungeon)
 x - a +0 leather armour
   (You took it off an orc on level 3 of the Dungeon)
 z - a +0 leather armour
   (You took it off an orc on level 3 of the Dungeon)
 B - a +1 pair of gloves (worn)
   (You found it on level 3 of the Dungeon)
 E - a +0 robe
   (You took it off Sigmund on level 2 of the Dungeon)
 G - a +0 robe
 H - a +0 ring mail
   (You found it on level 2 of the Dungeon)
 I - a +0 chain mail of fire resistance
   (You found it on level 4 of the Dungeon)
 K - a +0 robe
   (You found it on level 4 of the Dungeon)
 M - a +0 leather armour
   (You took it off a gnoll on level 6 of the Dungeon)
 O - a +0 robe
   (You found it on level 4 of the Dungeon)
 P - a +0 chain mail
   (You found it on level 4 of the Dungeon)
 S - a +0 plate armour
   (You found it on level 5 of the Dungeon)
 T - a +0 chain mail
   (You found it on level 5 of the Dungeon)
 V - +0 steam dragon scales (worn)
   (You found it on level 5 of the Dungeon)
 X - a +0 robe
   (You took it off an orc wizard on level 5 of the Dungeon)
 Y - a +0 chain mail
   (You took it off an orc warrior on level 5 of the Dungeon)
 Z - a +0 leather armour
   (You found it on level 6 of the Dungeon)
Wands
 i - a wand of flame (14)
   (You found it on level 6 of the Dungeon)
 W - a wand of polymorph (8)
   (You found it on level 5 of the Dungeon)
Scrolls
 d - 5 scrolls of noise {!r}
 e - a scroll of summoning {unknown}
 h - a scroll of poison {!r}
 l - a scroll of vulnerability {!r!r}
 s - a scroll of fear
 J - a scroll of blinking {!r}
 Q - 2 scrolls of teleportation {@r4}
 U - a scroll of amnesia {unknown}
Potions
 c - 2 potions of magic
 f - a potion of resistance
 g - a potion of brilliance
 p - a potion of heal wounds {@q2}
 v - 3 potions of curing {@q1}
 A - a potion of attraction {!q}
 C - a potion of might
 F - 2 potions of haste {@q3}
 N - a potion of invisibility {unknown}
 R - a potion of flight {unknown}

Dungeon Overview and Level Annotations

Branches:
Dungeon (7/15)
 Temple: D:4-7

Altars:
Nemelex Xobeh
Zin

Shops:
D:2 :

Annotations:
D:6 exclusion: door

#########...# ##.^.........#
...#######...# #### ##.##
######## #.# .......# #.######
######.# #......# #.# ######.#
#.# #@# ##.## #Y#
##.#.########z###
#.###...........#
###..#.#..........######
##.............>.[......#########
.#.#.####.###......###...........
.#.#.# #.###......# ####........
..#..####.##..#..8.## #######..


You could see a sky beast and a wight.


Message History

You open the door.
A steam dragon and an adder come into view.
Danger!
Unknown command.
Press: ? - help, v - describe, . - travel An open door.
Placed new exclusion.
Unknown command.
Partly explored, can't reach some items.
There is a stone staircase leading down here.
You climb downwards.
There is a stone staircase leading up here.
Danger!
The helpless wight fails to defend itself.
You skewer the wight like a kebab!!!!
You destroy the wight!
The wight hits you with a +3 dagger.
You hit the wight. The wight barely misses you.
The sky beast hits you but does no damage.
The wight hits you with a +4 morningstar!
There is a stone staircase leading up here.
Unknown command.
The sky beast barely misses you. The wight hits you but does no damage.
The wight hits you with a +4 morningstar!
You climb upwards.
Level annotation: exclusion: door
There is a stone staircase leading down here.
Unknown command.
The sky beast attacks as you move away!
The sky beast hits you but does no damage.
The wight attacks as you move away! The wight hits you but does no damage.
The wight hits you with a +4 morningstar!
* * * LOW HITPOINT WARNING * * *
The wight attacks as you move away! The wight completely misses you.
The wight attacks as you move away! The wight hits you but does no damage.
The sky beast flickers out of sight for a moment.
The wight attacks as you move away! The wight hits you with a +3 dagger.
* * * LOW HITPOINT WARNING * * *
There is a stone staircase leading up here.
The wight hits you with a +3 dagger.
* * * LOW HITPOINT WARNING * * *
You climb upwards.
There is a stone staircase leading down here.
Unknown command.
Casting: Petrify (dangerous; 7% risk of failure)
Confirm with . or Enter, or press ? or * to list all spells.
Aiming: Petrify (dangerous; 7% risk of failure)
Press: ? - help, Shift-Dir - straight line, f - wight
Aim: a wight, wielding a +3 dagger and wearing a +0 robe (lightly damaged, chance to affect: 62%)
The wight is moving more slowly.
The wight hits you but does no damage.
The wight stops moving altogether!
The helpless wight fails to defend itself.
You spit the wight like a pig!!!!
You destroy the wight!
Your pack is full.
Things that are here:
a +3 dagger {short}; a +0 robe You start resting.
You start resting.
Your pack is full.
Things that are here:
a +3 dagger {short}; a +0 robe
There is a stone staircase leading down here.
Unknown command.
You climb downwards.
Level annotation: exclusion: door The sky beast closely misses you.
The wight hits you with a +4 morningstar!
The wight hits you with a +4 morningstar.
The sky beast hits you but does no damage.
There is a stone staircase leading up here.
Danger!
The sky beast hits you but does no damage.
The wight hits you with a +4 morningstar!
* * * LOW HITPOINT WARNING * * *
You climb upwards.
There is a stone staircase leading down here.
Unknown command.
The sky beast attacks as you move away!
The sky beast hits you but does no damage.
The wight attacks as you move away!
The wight hits you with a +4 morningstar.
* * * LOW HITPOINT WARNING * * *
Casting: Petrify (dangerous; 7% risk of failure)
Confirm with . or Enter, or press ? or * to list all spells.
Aiming: Petrify (dangerous; 7% risk of failure)
Press: ? - help, Shift-Dir - straight line, f - sky beast
Aim: a sky beast (chance to affect: 62%)
The sky beast resists with significant effort.
The sky beast hits you but does no damage.
Casting: Petrify (dangerous; 7% risk of failure)
Confirm with . or Enter, or press ? or * to list all spells.
Aiming: Petrify (dangerous; 7% risk of failure)
Press: ? - help, Shift-Dir - straight line, f/p - sky beast
Aim: a sky beast (chance to affect: 62%)
The sky beast resists with significant effort.
The sky beast hits you.
* * * LOW HITPOINT WARNING * * *
The sky beast shocks you.
You die...

Skill      XL: |  1  2  3  4  5  6  7  8  9 10 |
---------------+-------------------------------+-----
Transmutations | 2 3 4 5 |  5.0
Stealth        | 5 6 7 9 19 | 19.4
Earth Magic    | 4 5 6 9 |  9.3
Short Blades   | 1 2 |  2.1
Fighting       | 1 |  1.7
Dodging        | |  2.1
Spellcasting   | |  2.8

Action                   |  1- 3 |  4- 6 |  7- 9 | 10-12 || total
-------------------------+-------+-------+-------+-------++-------
Melee: Mace              |    30 |       |       |       ||    30
       Bite              |     5 |     9 |     6 |     1 ||    21
       Dagger            |    23 |    22 |    45 |    15 ||   105
       Rapier            |       |    25 |    35 |    14 ||    74
 Cast: Sandblast         |    18 |    27 |    15 |       ||    60
       Passwall          |     3 |     9 |    13 |       ||    25
       Petrify           |       |       |     2 |     3 ||     5
 Abil: Exsanguinate      |     1 |       |       |       ||     1
  Use: Potion            |     2 |       |     1 |     1 ||     4
       Scroll            |       |    12 |     3 |       ||    15
 Stab: Sleeping          |     4 |    10 |    21 |     2 ||    37
       Petrified         |       |       |     4 |     1 ||     5
       Distracted        |       |       |       |     1 ||     1
Armor: Robe              |    14 |    23 |    11 |       ||    48
       Steam dragon scal |       |       |     9 |    20 ||    29
Dodge: Dodged            |    31 |    59 |    44 |    16 ||   150

Levels and vault maps discovered:
D:1:      nzn_arrival_crosshair, layout_loops_ring,
          shapermc_ecumenical_altar_mp_urbaneastern, roderic_lattice_a
D:2:      layout_basic, serial_shops, shop, interstate_on_off, kennysheep_boxes,
          uniq_sigmund
D:3:      layout_loops_ring, kennysheep_generic_room_13
D:4:      layout_loops_ring, ebering_ghost_disaster_area, uniq_grinder,
          uniq_eustachio
D:5:      layout_loops_ring, zin_statuary, chequers_serial_rivers_small_b,
          uniq_menkaure
D:6:      layout_cave_pools, nemelex_spade_bored_becter, nrook_pool_corridor,
          grunt_tough_drop
D:7:      layout_loops_ring, minmay_temple_entry_offerings, uniq_pikel

Notes
Turn   | Place    | Note
-------+----------+-------------------------------------------
     0 | D:1      | Sobieck the Vampire Earth Elementalist began the quest for
                  | the Orb.
     0 | D:1      | Reached XP level 1. HP: 13/13 MP: 3/3
    46 | D:1      | You pick up a book of the Tundra and begin reading...
    46 | D:1      | You add the spells Hailstorm, Ice Form and Simulacrum to
                  | your library.
   261 | D:1      | Reached XP level 2. HP: 19/19 MP: 3/5
   289 | D:1      | Learned a level 2 spell: Passwall
   711 | D:1      | You pick up a book of Callings and begin reading...
   711 | D:1      | You add the spells Summon Small Mammal, Call Canine
                  | Familiar and Summon Guardian Golem to your library.
   988 | D:1      | Found a faded altar of an unknown god.
  1012 | D:2      | Found Wedup's Book Boutique.
  1012 | D:2      | Noticed Sigmund
  1236 | D:2      | Reached skill level 2 in Transmutations
  1517 | D:3      | Gained mutation: You are afflicted with vampirism and can
                  | become a bat while bloodless. [Vampire growth]
  1517 | D:3      | Reached XP level 3. HP: 16/19 MP: 0/6
  1544 | D:3      | HP: 3/19 [orc wizard/+0 dagger (3)]
  1550 | D:3      | Reached skill level 4 in Stealth
  1923 | D:3      | Noticed a scorpion
  1997 | D:3      | Killed a scorpion
  1998 | D:3      | Reached skill level 5 in Stealth
  1998 | D:3      | Reached skill level 3 in Transmutations
  1998 | D:3      | Reached skill level 4 in Earth Magic
  1998 | D:3      | Reached XP level 4. HP: 23/24 MP: 1/7
  2714 | D:3      | Reached XP level 5. HP: 28/28 MP: 8/8
  2959 | D:2      | Killed Sigmund
  2960 | D:2      | Reached skill level 6 in Stealth
  2960 | D:2      | Reached XP level 6. HP: 32/32 MP: 5/9
  2967 | D:2      | Identified the +3 rapier of Ryakkais {drain, Will+}
  3286 | D:4      | Reached skill level 4 in Transmutations
  3419 | D:4      | Reached skill level 5 in Earth Magic
  3493 | D:4      | Noticed Eustachio
  3509 | D:3      | Learned a level 4 spell: Petrify
  3967 | D:3      | Killed Eustachio
  3968 | D:3      | Reached skill level 7 in Stealth
  3968 | D:3      | Reached XP level 7. HP: 17/36 MP: 3/10
  4189 | D:4      | Reached skill level 5 in Transmutations
  4511 | D:4      | Reached skill level 8 in Stealth
  4600 | D:4      | Noticed Grinder
  4613 | D:4      | Killed Grinder
  4614 | D:4      | Reached skill level 9 in Stealth
  4614 | D:4      | Reached skill level 6 in Earth Magic
  4911 | D:4      | Found a large runed translucent door.
  4915 | D:4      | Found a large runed translucent door.
  4920 | D:4      | Noticed Requiem's ghost (weakling DgTm)
  4930 | D:4      | Killed Requiem's ghost
  4989 | D:5      | Entered Level 5 of the Dungeon
  5015 | D:5      | You pick up a book of Flames and begin reading...
  5015 | D:5      | You add the spells Foxfire, Conjure Flame, Inner Flame and
                  | Flame Wave to your library.
  5099 | D:5      | Noticed Menkaure
  5112 | D:5      | Killed Menkaure
  5113 | D:5      | Reached XP level 8. HP: 41/41 MP: 8/11
  5251 | D:5      | Reached skill level 7 in Earth Magic
  5272 | D:5      | HP: 10/41 [water moccasin (2)]
  5670 | D:5      | You pick up a book of Party Tricks and begin reading...
  5670 | D:5      | You add the spells Apportation and Alistair's Intoxication
                  | to your library.
  5698 | D:5      | You pick up a book of Weapons and begin reading...
  5698 | D:5      | You add the spells Tukima's Dance, Portal Projectile and
                  | Blade Hands to your library.
  5888 | D:5      | Reached skill level 8 in Earth Magic
  6345 | D:6      | Reached skill level 9 in Earth Magic
  6596 | D:6      | Reached skill level 1 in Short Blades
  6623 | D:6      | Reached skill level 1 in Fighting
  6669 | D:6      | Reached XP level 9. HP: 47/47 MP: 12/12
  6685 | D:6      | Identified a potion of experience
  6686 | D:6      | Reached skill level 19 in Stealth
  6686 | D:6      | Reached XP level 10. HP: 52/52 MP: 13/13
  6723 | D:5      | Gained mutation: You are frail. (-10% HP) [potion of
                  | mutation]
  6723 | D:5      | Gained mutation: You are somewhat resistant to further
                  | mutation. [potion of mutation]
  6820 | D:6      | You pick up a book of Debilitation and begin reading...
  6820 | D:6      | You add the spells Slow, Vampiric Draining and Confusing
                  | Touch to your library.
  7096 | D:6      | Reached skill level 2 in Short Blades
  7155 | D:6      | Found a sparkling altar of Nemelex Xobeh.
  7635 | D:5      | HP: 8/46 [wight/+4 morningstar (5)]
  7639 | D:5      | Slain by a sky beast

Vanquished Creatures
  Grinder (D:4)
  Sigmund (D:2)
  Eustachio (D:3)
  A steam dragon (D:5)
  Menkaure (D:5)
  A water moccasin (D:5)
  2 orc warriors
  An ogre (D:6)
  A black bear (D:4)
  A phantom (D:6)
  A bullfrog (D:6)
  2 necrophages
  3 scorpions
  2 wights
  An electric eel (D:6)
  3 hounds
  2 jellies
  4 orc wizards
  2 iguanas (D:5)
  The ghost of Requiem the Insei, a weakling DgTm (D:4)
  6 gnolls
  4 adders
  An ufetubus (D:6)
  4 worms
  5 dart slugs
  9 orcs
  6 endoplasms
  2 giant cockroaches
  2 goblins
  5 hobgoblins
  2 jackals (D:3)
  3 quokkas
  6 ball pythons
  2 bats (D:3)
  A frilled lizard (D:1)
  6 kobolds
  3 rats
99 creatures vanquished.

Table legend:
 A = Non-vault XP
 B = Vault XP
 C = Vault XP percentage of total XP
 D = Non-vault monster count
 E = Vault monster count
 F = Vault count percentage of total count
                 A         B        C        D         E       F
            +---------+---------+-------+---------+---------+-------
      Total |    2381 |     908 |  27.6 |      94 |       5 |   5.1
            +---------+---------+-------+---------+---------+-------
        D:1 |      23 |       0 |   0.0 |      13 |       0 |   0.0
        D:2 |      16 |     223 |  93.3 |       6 |       1 |  14.3
        D:3 |     171 |     191 |  52.8 |      25 |       1 |   3.8
        D:4 |     400 |     322 |  44.6 |      17 |       2 |  10.5
        D:5 |     855 |     172 |  16.7 |      17 |       1 |   5.6
        D:6 |     842 |       0 |   0.0 |      15 |       0 |   0.0
        D:7 |      74 |       0 |   0.0 |       1 |       0 |   0.0
            +---------+---------+-------+---------+---------+-------

Illustrated notes

Table legend:
 A = Kills in this place as a percentage of kills in entire the game.
 B = Kills by you in this place as a percentage of kills by you in the entire game.
 C = Kills by friends in this place as a percentage of kills by friends in the entire game.
 D = Other kills in this place as a percentage of other kills in the entire game.
 E = Experience gained in this place as a percentage of experience gained in the entire game.
 F = Experience gained in this place divided by the number of levels of this place that you have seen.
                   A       B       C       D       E      F
               +-------+-------+-------+-------+-------+----------------------
         Total | 100.0 | 100.0 |   N/A |   N/A | 100.0 | 469.9
       Dungeon | 100.0 | 100.0 |   N/A |   N/A | 100.0 | 469.9
               +-------+-------+-------+-------+-------+----------------------

Table legend: (Time is in decaauts)
 A = Elapsed time spent in this place.
 B = Non-inter-level travel time spent in this place.
 C = Inter-level travel time spent in this place.
 D = Time resting spent in this place.
 E = Time spent auto-exploring this place.
 F = Levels seen in this place.
 G = Mean time per level.
                   A        B        C        D        E       F      G
               +--------+--------+--------+--------+--------+-----+--------+
         Total |   7646 |   7408 |    238 |   1586 |   3986 |   7 | 1092.3 |
       Dungeon |   7646 |   7408 |    238 |   1586 |   3986 |   7 | 1092.3 |
               +--------+--------+--------+--------+--------+-----+--------+

Top non-repeatable levels by time:
     D:3: 2044 daAuts
     D:5: 1617 daAuts
     D:4: 1123 daAuts
     D:6: 1028 daAuts
     D:1: 1015 daAuts
     D:2: 810 daAuts
     D:7: 5 daAuts
